Login

Carolina Hurricanes vs Washington Capitals

Created - 19 April 2024 at 23:08

Goals
1 2 3 T
Carolina Hurricanes 1 0 1 2
Washington Capitals 3 0 1 4
Shots
1 2 3 T
Carolina Hurricanes 8 9 18 35
Washington Capitals 7 12 5 24

GoalsPenalties
1st period
1. Washington Capitals , Derek Grant 1 (Martin Fehervary 6, Anthony Mantha 5) at 5:00
2. Washington Capitals , Alex Ovechkin 13 (Evgeny Kuznetsov 10) at 10:14
3. Washington Capitals , Evgeny Kuznetsov 9 (T.J. Oshie 5, Dylan Strome 15) at 11:09 (PP)
4. Carolina Hurricanes , Eeli Tolvanen 3 (Seth Jarvis 4, Brett Pesce 5) at 15:05
Andrei Svechnikov (CAR) for Delaying the game (Minor) at 10:25
Brady Skjei (CAR) for Tripping (Minor) at 11:53
Sebastian C Aho (CAR) for Hooking (Minor) at 16:54
2nd period
No Goal
Joel Edmundson (WSH) for Hooking (Minor) at 4:46
Alex Ovechkin (WSH) for Interference (Minor) at 9:41
T.J. Oshie (WSH) for Roughing (Minor) at 15:44
3rd period
5. Carolina Hurricanes , David Krejci 6 (Martin Necas 11) at 3:17
6. Washington Capitals , Sonny Milano 1 (Evgeny Kuznetsov 11, T.J. Oshie 6) at 12:37 (PP)
Evgeny Kuznetsov (WSH) for Interference (Minor) at 8:31
Will Borgen (CAR) for Cross-checking (Minor) at 11:40
Goalie Stats
Pyotr Kochetkov (CAR), 20 saves from 24 shots - (0.833), L, 5-5-0, 60:00 minutes
Darcy Kuemper (WSH), 33 saves from 35 shots - (0.943), W, 8-7-0, 60:00 minutes
3 StarsOfficial
1 - Evgeny Kuznetsov (WSH)
2 - Darcy Kuemper (WSH)
3 - Derek Grant (WSH)
Referees : Francois St-Laurent and Tim Peel
Linesman : Steve Barton and Ryan Daisy
Game Note
3:51 of 2nd period - Carolina Hurricanes goal is going for a video replay. After video review, No Goal. The goalkeeper has been pushed into the net together with the puck after making a save.
9:17 of 2nd period - Washington Capitals goal is going for a video replay. After video review, No Goal. The net was displaced accidentally.
Finance
Level 1 -- Attendance: 5905 (98.42%) -- Ticket Income $590,500
Level 2 -- Attendance: 4674 (93.48%) -- Ticket Income $280,440
Level 3 -- Attendance: 1671 (83.55%) -- Ticket Income $58,485
Level 4 -- Attendance: 3164 (79.10%) -- Ticket Income $79,100
Luxury Box -- Attendance: 964 (96.40%) -- Ticket Income $192,800
Game was played at the Capital One Arena.
Total Attendance: 16378 (90.99%)
Total Ticket Income: $1,201,325
Other Income: $588,649
Total Income: $1,789,974



Team Name Goals Shots Shots Attemp Shots Blocked PIM HIT PP PK FO%
Carolina Hurricanes 2356288240 / 4 (0%)264%
Washington Capitals 4244398172 / 4 (50%)036%

Carolina Hurricanes
Player Name POS G A P +/- PIM HIT SHT SB MP PP MP PP SHT PK MP PK SHT FO% FOT GA TA
Alex TuchRW000-1026021:214:2923:32067% 600
Andrei SvechnikovLW000-1221016:483:2700:0000% 000
Brady SkjeiD0000230019:502:5001:1800% 001
Brent BurnsD0000010224:375:0603:4500% 003
Brett PesceD0110011121:032:1601:5400% 000
David KrejciC1010013020:553:2703:32057% 2300
Dmitry OrlovD0000031322:545:0603:4500% 001
Eeli TolvanenRW1011006012:310:0300:0000% 000
Jesperi KotkaniemiC0001043012:480:0000:26057% 700
Jordan MartinookLW000000008:290:0001:5100% 000
Jordan StaalC000000006:320:0000:00050% 200
Kevin ShattenkirkD0000013216:280:0000:0000% 010
Martin NecasRW0110013017:233:2700:0000% 010
Sebastian C AhoC000-1200019:054:2901:08079% 1910
Seth JarvisLW0111015012:470:0000:1600% 000
Stefan NoesenRW000000207:140:0000:3300% 000
Teuvo TeravainenLW0000010018:204:2600:00050% 200
Will BorgenD0000231015:120:3400:3600% 001
Washington Capitals
Player Name POS G A P +/- PIM HIT SHT SB MP PP MP PP SHT PK MP PK SHT FO% FOT GA TA
Alex OvechkinLW1010212018:313:0300:0000% 000
Anthony ManthaLW0110001013:150:0001:4500% 110
Derek GrantC1010001116:180:0004:09036% 1400
Dylan StromeC0110007021:163:0310:09040% 1510
Evgenii DadonovLW0000013015:350:0001:1500% 110
Evgeny KuznetsovC1230231020:352:3612:03035% 2610
Joel EdmundsonD0001213317:050:0002:3500% 000
John CarlsonD000-1012222:383:4401:0100% 010
Marc StaalD000-1010114:220:0004:2000% 001
Martin FehervaryD0111010016:381:5500:0000% 000
Nic DowdRW000000009:490:0004:05050% 210
Nick JensenD000-1030122:480:0004:2000% 002
Rasmus SandinD000101007:443:4400:0000% 000
Sonny MilanoLW101000207:332:3610:0000% 000
T.J. OshieRW0220212017:152:3600:0000% 000
Tom WilsonRW0000020013:580:0002:2600% 000
Trevor Van-RiemsdykD0000000118:501:5503:3600% 000
Vladimir TarasenkoRW0000010017:503:0300:0000% 000

Carolina Hurricanes

5 vs 5 Forward
Line #Left WingCenterRight WingPHYDFOFWanted %Time %Time Play
1Andrei SvechnikovSebastian C AhoAlex Tuch1223529%13:23
2Teuvo TeravainenDavid KrejciMartin Necas1133530%14:08
3Seth JarvisJesperi KotkaniemiEeli Tolvanen1222027%12:22
4Jordan MartinookJordan StaalStefan Noesen2301014%6:32
5 vs 5 Defense
Line #DefenseDefensePHYDFOFWanted %Time %Time Play
1Brent BurnsBrady Skjei1223534%15:46
2Brett PesceKevin Shattenkirk1403536%16:49
3Dmitry OrlovWill Borgen2303030%13:50
4Will BorgenBrent Burns12200%0:00
Power Play Forward
Line #Left WingCenterRight WingPHYDFOFWanted %Time %Time Play
1Teuvo TeravainenSebastian C AhoAlex Tuch1226057%4:29
2Andrei SvechnikovDavid KrejciMartin Necas1224043%3:27
Power Play Defense
Line #DefenseDefensePHYDFOFWanted %Time %Time Play
1Brent BurnsDmitry Orlov1226064%5:06
2Brady SkjeiBrett Pesce1224036%2:50
Penalty Kill 4 Players Forward
Line #CenterWingPHYDFOFWanted %Time %Time Play
1David KrejciAlex Tuch1226067%3:48
2Sebastian C AhoJordan Martinook1224033%1:51
Penalty Kill 4 Players Defense
Line #DefenseDefensePHYDFOFWanted %Time %Time Play
1Brent BurnsDmitry Orlov1226066%3:45
2Brady SkjeiBrett Pesce1224034%1:54
Penalty Kill 3 Players
Line #WingPHYDFOFWanted %Time %Time PlayDefenseDefensePHYDFOFWanted %Time %Time Play
1David Krejci122600%0:00 Brent BurnsDmitry Orlov122600%0:00
2Sebastian C Aho122400%0:00 Brady SkjeiBrett Pesce122400%0:00
4 vs 4 Forward
Line #CenterWingPHYDFOFWanted %Time %Time Play
1David KrejciMartin Necas122600%0:00
2Sebastian C AhoAndrei Svechnikov122400%0:00
4 vs 4 Defense
Line #DefensePHYDFOFWanted %Time %Time Play
1Brent BurnsDmitry Orlov122600%0:00
2Brady SkjeiBrett Pesce122400%0:00
Last Minutes Offensive
Left WingCenterRight WingDefenseDefense
Teuvo TeravainenSebastian C AhoAlex TuchBrent BurnsDmitry Orlov
Last Minutes Defensive
Left WingCenterRight WingDefenseDefense
Teuvo TeravainenSebastian C AhoAlex TuchBrent BurnsDmitry Orlov
Time
Total ForwardTotal DefenseLast Minutes OffensiveLast Minutes Defensive
60:00 60:00 0:000:00
Extra Forwards
Normal PowerPlayPenalty Kill
Martin Necas, Seth Jarvis, Stefan NoesenEeli Tolvanen, Jordan StaalStefan Noesen
Extra Defensemen
Normal PowerPlayPenalty Kill
Will Borgen, Brett Pesce, Brent BurnsBrady Skjei, Will BorgenDmitry Orlov
Penalty Shots
Alex Tuch, Sebastian C Aho, Martin Necas, Andrei Svechnikov, Eeli Tolvanen
Goalie
Pyotr Kochetkov, Antti Raanta
Custom OT Lines Forwards
Alex Tuch, Sebastian C Aho, Stefan Noesen, Andrei Svechnikov, Martin Necas, Teuvo Teravainen, Jesperi Kotkaniemi, Seth Jarvis, Jordan Staal, Jordan Martinook
Custom OT Lines Defensemen
Brent Burns, Dmitry Orlov, Brady Skjei, Brett Pesce, Will Borgen
Scratches
Adam Gaudette (Healthy), Mason Lohrei (Healthy), Frederik Andersen (Healthy)

Washington Capitals

5 vs 5 Forward
Line #Left WingCenterRight WingPHYDFOFWanted %Time %Time Play
1Alex OvechkinEvgeny KuznetsovVladimir Tarasenko1133833%15:17
2Evgenii DadonovDylan StromeT.J. Oshie1223034%15:37
3Anthony ManthaDerek GrantTom Wilson1222223%10:36
4Sonny MilanoDylan StromeNic Dowd2211011%4:55
5 vs 5 Defense
Line #DefenseDefensePHYDFOFWanted %Time %Time Play
1John CarlsonNick Jensen2213940%18:33
2Joel EdmundsonMartin Fehervary2213032%15:01
3Trevor Van-RiemsdykMarc Staal2212019%8:56
4Rasmus SandinTrevor Van-Riemsdyk221118%3:55
Power Play Forward
Line #Left WingCenterRight WingPHYDFOFWanted %Time %Time Play
1Alex OvechkinDylan StromeVladimir Tarasenko1226054%3:03
2Sonny MilanoEvgeny KuznetsovT.J. Oshie1224046%2:36
Power Play Defense
Line #DefenseDefensePHYDFOFWanted %Time %Time Play
1John CarlsonRasmus Sandin1226066%3:44
2Trevor Van-RiemsdykMartin Fehervary1224034%1:55
Penalty Kill 4 Players Forward
Line #CenterWingPHYDFOFWanted %Time %Time Play
1Derek GrantNic Dowd1226069%5:30
2Evgeny KuznetsovTom Wilson1224031%2:26
Penalty Kill 4 Players Defense
Line #DefenseDefensePHYDFOFWanted %Time %Time Play
1Marc StaalNick Jensen1226055%4:20
2Joel EdmundsonTrevor Van-Riemsdyk1224045%3:36
Penalty Kill 3 Players
Line #WingPHYDFOFWanted %Time %Time PlayDefenseDefensePHYDFOFWanted %Time %Time Play
1Derek Grant122600%0:00 Marc StaalNick Jensen122600%0:00
2Dylan Strome122400%0:00 Joel EdmundsonTrevor Van-Riemsdyk122400%0:00
4 vs 4 Forward
Line #CenterWingPHYDFOFWanted %Time %Time Play
1Dylan StromeAlex Ovechkin122600%0:00
2Evgeny KuznetsovVladimir Tarasenko122400%0:00
4 vs 4 Defense
Line #DefensePHYDFOFWanted %Time %Time Play
1John CarlsonRasmus Sandin122600%0:00
2Joel EdmundsonMarc Staal122400%0:00
Last Minutes Offensive
Left WingCenterRight WingDefenseDefense
Alex OvechkinDylan StromeVladimir TarasenkoJohn CarlsonRasmus Sandin
Last Minutes Defensive
Left WingCenterRight WingDefenseDefense
Alex OvechkinDylan StromeT.J. OshieJoel EdmundsonNick Jensen
Time
Total ForwardTotal DefenseLast Minutes OffensiveLast Minutes Defensive
60:00 60:00 0:000:00
Extra Forwards
Normal PowerPlayPenalty Kill
Evgenii Dadonov, Derek Grant, Anthony ManthaAnthony Mantha, Nic DowdAnthony Mantha
Extra Defensemen
Normal PowerPlayPenalty Kill
Martin Fehervary, Marc Staal, Joel EdmundsonNick Jensen, Marc StaalJoel Edmundson
Penalty Shots
Evgeny Kuznetsov, Vladimir Tarasenko, T.J. Oshie, Alex Ovechkin, Rasmus Sandin
Goalie
Darcy Kuemper, Charlie Lindgren
Custom OT Lines Forwards
Alex Ovechkin, Dylan Strome, Evgeny Kuznetsov, Vladimir Tarasenko, T.J. Oshie, Sonny Milano, Tom Wilson, Evgenii Dadonov, Anthony Mantha, Nic Dowd
Custom OT Lines Defensemen
John Carlson, Rasmus Sandin, Nick Jensen, Joel Edmundson, Martin Fehervary
Scratches
Alexander Alexeyev (Healthy), Nicklas Backstrom (Sprained Left Knee Injury), Aliaksei Protas (Healthy)


Play-by-Play

1st period


0:01 of 1st period - Sebastian C Aho wins face-off versus Evgeny Kuznetsov in neutral zone.
0:37 of 1st period - Nick Jensen is hit by Brett Pesce and loses puck.
1:38 of 1st period - Nic Dowd is hit by Dmitry Orlov and loses puck.
2:11 of 1st period - Wrist shot by Teuvo Teravainen.
2:11 of 1st period - Shot Blocked by Derek Grant.
2:27 of 1st period - Wrist shot by Stefan Noesen.
2:27 of 1st period - Stopped by Darcy Kuemper with a rebound.
4:11 of 1st period - Snap shot by Seth Jarvis.
4:11 of 1st period - Shot Misses the Net.
4:21 of 1st period - Snap shot by Eeli Tolvanen.
4:21 of 1st period - Stopped by Darcy Kuemper without a rebound.
4:22 of 1st period - Sebastian C Aho wins face-off versus Dylan Strome in Washington Capitals zone.
4:54 of 1st period - Snap shot by Anthony Mantha.
4:54 of 1st period - Shot Blocked by Kevin Shattenkirk.
4:56 of 1st period - Slapshot by Martin Fehervary.
4:56 of 1st period - Shot Misses the Net.
4:58 of 1st period - Snap shot by Derek Grant.
4:58 of 1st period - Shot Blocked by Kevin Shattenkirk.
5:00 of 1st period - Wrist shot by Derek Grant.
5:00 of 1st period - Goal by Derek Grant - Carolina Hurricanes : 0 - Washington Capitals : 1.
5:01 of 1st period - Sebastian C Aho wins face-off versus Dylan Strome in neutral zone.
5:09 of 1st period - Off-side.
5:10 of 1st period - Sebastian C Aho wins face-off versus Dylan Strome in neutral zone.
5:13 of 1st period - Snap shot by Alex Tuch.
5:13 of 1st period - Shot Blocked by Trevor Van-Riemsdyk.
5:54 of 1st period - Icing by Brady Skjei.
5:55 of 1st period - Sebastian C Aho wins face-off versus Evgeny Kuznetsov in Carolina Hurricanes zone.
7:19 of 1st period - Snap shot by Alex Ovechkin.
7:19 of 1st period - Shot Misses the Net.
7:34 of 1st period - Icing by Kevin Shattenkirk.
7:35 of 1st period - Dylan Strome wins face-off versus David Krejci in Carolina Hurricanes zone.
8:00 of 1st period - Snap shot by Seth Jarvis.
8:00 of 1st period - Shot Misses the Net.
8:02 of 1st period - Slapshot by Brett Pesce.
8:02 of 1st period - Shot Misses the Net.
8:04 of 1st period - Wrist shot by Seth Jarvis.
8:04 of 1st period - Stopped by Darcy Kuemper with a rebound.
8:06 of 1st period - Snap shot by Kevin Shattenkirk.
8:06 of 1st period - Stopped by Darcy Kuemper without a rebound.
8:07 of 1st period - Evgeny Kuznetsov wins face-off versus David Krejci in Washington Capitals zone.
8:24 of 1st period - Slapshot by Evgeny Kuznetsov.
8:24 of 1st period - Shot Blocked by Dmitry Orlov.
9:23 of 1st period - Snap shot by Eeli Tolvanen.
9:23 of 1st period - Stopped by Darcy Kuemper without a rebound.
9:24 of 1st period - Jordan Staal wins face-off versus Nic Dowd in Washington Capitals zone.
10:02 of 1st period - Wrist shot by Dylan Strome.
10:02 of 1st period - Shot Blocked by Dmitry Orlov.
10:04 of 1st period - Slapshot by Nick Jensen.
10:04 of 1st period - Shot Blocked by Dmitry Orlov.
10:06 of 1st period - Snap shot by John Carlson.
10:06 of 1st period - Deflect By David Krejci.
10:06 of 1st period - Stopped by Pyotr Kochetkov without a rebound.
10:07 of 1st period - Evgeny Kuznetsov wins face-off versus Sebastian C Aho in Carolina Hurricanes zone.
10:14 of 1st period - Wrist shot by Alex Ovechkin.
10:14 of 1st period - Goal by Alex Ovechkin - Carolina Hurricanes : 0 - Washington Capitals : 2.
10:15 of 1st period - Evgeny Kuznetsov wins face-off versus Sebastian C Aho in neutral zone.
10:25 of 1st period - Minor Penalty to Andrei Svechnikov for Delaying the game.
10:26 of 1st period - Alex Tuch wins face-off versus Dylan Strome in Carolina Hurricanes zone.
11:09 of 1st period - Snap shot by T.J. Oshie.
11:09 of 1st period - Deflect By Evgeny Kuznetsov.
11:09 of 1st period - Goal by Evgeny Kuznetsov - Carolina Hurricanes : 0 - Washington Capitals : 3.
11:10 of 1st period - David Krejci wins face-off versus Evgeny Kuznetsov in neutral zone.
11:53 of 1st period - Minor Penalty to Brady Skjei for Tripping.
11:54 of 1st period - Dylan Strome wins face-off versus David Krejci in Carolina Hurricanes zone.
12:43 of 1st period - Icing by Martin Fehervary.
12:44 of 1st period - David Krejci wins face-off versus Dylan Strome in Washington Capitals zone.
12:50 of 1st period - Icing by Martin Fehervary.
12:51 of 1st period - Alex Tuch wins face-off versus Evgeny Kuznetsov in Washington Capitals zone.
13:53 of 1st period - Penalty to Brady Skjei is over, Brady Skjei is back on ice.
14:05 of 1st period - Off-side.
14:06 of 1st period - Derek Grant wins face-off versus Jesperi Kotkaniemi in neutral zone.
14:23 of 1st period - Slapshot by Brady Skjei.
14:23 of 1st period - Shot Blocked by Marc Staal.
14:25 of 1st period - Slapshot by Brady Skjei.
14:25 of 1st period - Shot Misses the Net.
14:27 of 1st period - Snap shot by Seth Jarvis.
14:27 of 1st period - Stopped by Darcy Kuemper with a rebound.
14:47 of 1st period - Slapshot by Jesperi Kotkaniemi.
14:47 of 1st period - Deflect By Derek Grant.
14:47 of 1st period - Stopped by Darcy Kuemper with a rebound.
15:05 of 1st period - Wrist shot by Eeli Tolvanen.
15:05 of 1st period - Goal by Eeli Tolvanen - Carolina Hurricanes : 1 - Washington Capitals : 3.
15:06 of 1st period - Evgeny Kuznetsov wins face-off versus David Krejci in neutral zone.
15:17 of 1st period - Evgeny Kuznetsov is hit by Brady Skjei and loses puck.
15:41 of 1st period - Off-side.
15:42 of 1st period - Sebastian C Aho wins face-off versus Dylan Strome in neutral zone.
15:47 of 1st period - Wrist shot by T.J. Oshie.
15:47 of 1st period - Stopped by Pyotr Kochetkov with a rebound.
15:49 of 1st period - Snap shot by Evgenii Dadonov.
15:49 of 1st period - Stopped by Pyotr Kochetkov with a rebound.
16:02 of 1st period - Martin Fehervary is hit by Will Borgen and loses puck.
16:44 of 1st period - Snap shot by Anthony Mantha.
16:44 of 1st period - Stopped by Pyotr Kochetkov without a rebound.
16:45 of 1st period - Sebastian C Aho wins face-off versus Derek Grant in Carolina Hurricanes zone.
16:54 of 1st period - Minor Penalty to Sebastian C Aho for Hooking.
16:55 of 1st period - Dylan Strome wins face-off versus David Krejci in Carolina Hurricanes zone.
17:01 of 1st period - Wrist shot by Alex Ovechkin.
17:01 of 1st period - Shot Blocked by Brent Burns.
17:21 of 1st period - Alex Tuch is hit by Rasmus Sandin and loses puck.
17:30 of 1st period - Snap shot by T.J. Oshie.
17:30 of 1st period - Shot Blocked by Brent Burns.
17:32 of 1st period - Slapshot by Martin Fehervary.
17:32 of 1st period - Shot Misses the Net.
18:31 of 1st period - Brady Skjei is hit by Alex Ovechkin.
18:54 of 1st period - Penalty to Sebastian C Aho is over, Sebastian C Aho is back on ice.
19:23 of 1st period - Derek Grant is hit by Alex Tuch and loses puck.
Goals for this period are 1 for Carolina Hurricanes vs 3 for Washington Capitals.
Shots for this period are 8 for Carolina Hurricanes vs 7 for Washington Capitals.

2nd period


0:01 of 2nd period - Evgeny Kuznetsov wins face-off versus Alex Tuch in neutral zone.
0:16 of 2nd period - Sebastian C Aho is hit by Evgeny Kuznetsov and loses puck.
0:32 of 2nd period - Wrist shot by Dylan Strome.
0:32 of 2nd period - Deflect By David Krejci.
0:32 of 2nd period - Stopped by Pyotr Kochetkov without a rebound.
0:33 of 2nd period - Dylan Strome wins face-off versus Teuvo Teravainen in Carolina Hurricanes zone.
0:45 of 2nd period - Icing by Marc Staal.
0:46 of 2nd period - Sebastian C Aho wins face-off versus Dylan Strome in Washington Capitals zone.
0:49 of 2nd period - Snap shot by Alex Tuch.
0:49 of 2nd period - Stopped by Darcy Kuemper with a rebound.
1:23 of 2nd period - Snap shot by Dylan Strome.
1:23 of 2nd period - Stopped by Pyotr Kochetkov with a rebound.
1:25 of 2nd period - Wrist shot by Evgenii Dadonov.
1:25 of 2nd period - Stopped by Pyotr Kochetkov with a rebound.
1:27 of 2nd period - Snap shot by T.J. Oshie.
1:27 of 2nd period - Stopped by Pyotr Kochetkov without a rebound.
1:28 of 2nd period - David Krejci wins face-off versus Evgeny Kuznetsov in Carolina Hurricanes zone.
1:28 of 2nd period - David Krejci is hit by Evgeny Kuznetsov.
1:34 of 2nd period - Slapshot by David Krejci.
1:34 of 2nd period - Shot Blocked by Nick Jensen.
1:36 of 2nd period - Wrist shot by Kevin Shattenkirk.
1:36 of 2nd period - Shot Hit the Post.
1:54 of 2nd period - John Carlson is hit by Jesperi Kotkaniemi and loses puck.
2:05 of 2nd period - Wrist shot by Jesperi Kotkaniemi.
2:05 of 2nd period - Stopped by Darcy Kuemper without a rebound.
2:06 of 2nd period - David Krejci wins face-off versus Evgeny Kuznetsov in Washington Capitals zone.
2:07 of 2nd period - Wrist shot by Martin Necas.
2:07 of 2nd period - Shot Misses the Net.
2:09 of 2nd period - Slapshot by Dmitry Orlov.
2:09 of 2nd period - Stopped by Darcy Kuemper without a rebound.
2:10 of 2nd period - David Krejci wins face-off versus Evgeny Kuznetsov in Washington Capitals zone.
2:41 of 2nd period - Snap shot by Dylan Strome.
2:41 of 2nd period - Shot Misses the Net.
2:43 of 2nd period - Slapshot by Joel Edmundson.
2:43 of 2nd period - Stopped by Pyotr Kochetkov with a rebound.
2:45 of 2nd period - Slapshot by Joel Edmundson.
2:45 of 2nd period - Deflect By Andrei Svechnikov.
2:45 of 2nd period - Stopped by Pyotr Kochetkov without a rebound.
2:46 of 2nd period - Dylan Strome wins face-off versus Alex Tuch in Carolina Hurricanes zone.
2:47 of 2nd period - Slapshot by T.J. Oshie.
2:47 of 2nd period - Shot Misses the Net.
3:35 of 2nd period - Wrist shot by John Carlson.
3:35 of 2nd period - Stopped by Pyotr Kochetkov without a rebound.
3:36 of 2nd period - Derek Grant wins face-off versus Jesperi Kotkaniemi in Carolina Hurricanes zone.
3:47 of 2nd period - Snap shot by Seth Jarvis.
3:47 of 2nd period - Shot Blocked by Joel Edmundson.
3:49 of 2nd period - Wrist shot by Dmitry Orlov.
3:49 of 2nd period - Shot Hit the Post.
3:51 of 2nd period - Snap shot by Jesperi Kotkaniemi.
3:51 of 2nd period - Carolina Hurricanes goal is going for a video replay.
3:51 of 2nd period - The goal is refused. The goalkeeper has been pushed into the net together with the puck after making a save..
3:52 of 2nd period - Sebastian C Aho wins face-off versus Evgeny Kuznetsov in Washington Capitals zone.
4:03 of 2nd period - Snap shot by Sebastian C Aho.
4:03 of 2nd period - Shot Misses the Net.
4:05 of 2nd period - Snap shot by Sebastian C Aho.
4:05 of 2nd period - Shot Misses the Net.
4:07 of 2nd period - Slapshot by Alex Tuch.
4:07 of 2nd period - Stopped by Darcy Kuemper without a rebound.
4:08 of 2nd period - David Krejci wins face-off versus Dylan Strome in Washington Capitals zone.
4:42 of 2nd period - Wrist shot by Alex Tuch.
4:42 of 2nd period - Stopped by Darcy Kuemper without a rebound.
4:43 of 2nd period - Evgeny Kuznetsov wins face-off versus Sebastian C Aho in Washington Capitals zone.
4:43 of 2nd period - Evgeny Kuznetsov is hit by Brent Burns.
4:46 of 2nd period - Minor Penalty to Joel Edmundson for Hooking.
4:47 of 2nd period - Sebastian C Aho wins face-off versus Derek Grant in Washington Capitals zone.
4:47 of 2nd period - Wrist shot by Alex Tuch.
4:47 of 2nd period - Stopped by Darcy Kuemper without a rebound.
4:48 of 2nd period - Sebastian C Aho wins face-off versus Derek Grant in Washington Capitals zone.
6:15 of 2nd period - Sebastian C Aho is hit by Tom Wilson and loses puck.
6:46 of 2nd period - Penalty to Joel Edmundson is over, Joel Edmundson is back on ice.
6:46 of 2nd period - Evgenii Dadonov is hit by Dmitry Orlov and loses puck.
6:58 of 2nd period - Off-side.
6:59 of 2nd period - Jesperi Kotkaniemi wins face-off versus Evgeny Kuznetsov in neutral zone.
7:10 of 2nd period - Alex Ovechkin is hit by Jesperi Kotkaniemi and loses puck.
7:17 of 2nd period - Joel Edmundson is hit by Jesperi Kotkaniemi and loses puck.
7:24 of 2nd period - Wrist shot by Evgeny Kuznetsov.
7:24 of 2nd period - Shot Misses the Net.
7:28 of 2nd period - Snap shot by Evgeny Kuznetsov.
7:28 of 2nd period - Shot Misses the Net.
7:39 of 2nd period - Icing by Kevin Shattenkirk.
7:40 of 2nd period - Jesperi Kotkaniemi wins face-off versus Dylan Strome in Carolina Hurricanes zone.
7:59 of 2nd period - Snap shot by Seth Jarvis.
7:59 of 2nd period - Shot Misses the Net.
8:05 of 2nd period - Seth Jarvis is hit by Martin Fehervary and loses puck.
8:56 of 2nd period - Kevin Shattenkirk is hit by Evgenii Dadonov and loses puck.
9:03 of 2nd period - Snap shot by T.J. Oshie.
9:03 of 2nd period - Shot Blocked by Brett Pesce.
9:05 of 2nd period - Snap shot by Joel Edmundson.
9:05 of 2nd period - Deflect By Seth Jarvis.
9:05 of 2nd period - Stopped by Pyotr Kochetkov with a rebound.
9:07 of 2nd period - Snap shot by Dylan Strome.
9:07 of 2nd period - Stopped by Pyotr Kochetkov with a rebound.
9:09 of 2nd period - Snap shot by T.J. Oshie.
9:09 of 2nd period - Deflect By Dylan Strome.
9:09 of 2nd period - Stopped by Pyotr Kochetkov with a rebound.
9:11 of 2nd period - Slapshot by Evgenii Dadonov.
9:11 of 2nd period - Shot Misses the Net.
9:13 of 2nd period - Snap shot by Evgenii Dadonov.
9:13 of 2nd period - Stopped by Pyotr Kochetkov with a rebound.
9:17 of 2nd period - Wrist shot by Dylan Strome.
9:17 of 2nd period - Washington Capitals goal is going for a video replay.
9:17 of 2nd period - The goal is refused. The net was displaced accidentally..
9:18 of 2nd period - David Krejci wins face-off versus Evgeny Kuznetsov in Carolina Hurricanes zone.
9:41 of 2nd period - Minor Penalty to Alex Ovechkin for Interference.
9:42 of 2nd period - Derek Grant wins face-off versus Sebastian C Aho in Washington Capitals zone.
10:56 of 2nd period - David Krejci is hit by Marc Staal and loses puck.
11:03 of 2nd period - Marc Staal is hit by Martin Necas and loses puck.
11:41 of 2nd period - Penalty to Alex Ovechkin is over, Alex Ovechkin is back on ice.
11:58 of 2nd period - Wrist shot by Stefan Noesen.
11:58 of 2nd period - Stopped by Darcy Kuemper with a rebound.
13:05 of 2nd period - Sebastian C Aho is hit by Nick Jensen and loses puck.
14:23 of 2nd period - Sebastian C Aho is hit by T.J. Oshie.
15:12 of 2nd period - Alex Ovechkin is hit by Andrei Svechnikov and loses puck.
15:38 of 2nd period - Slapshot by Eeli Tolvanen.
15:38 of 2nd period - Stopped by Darcy Kuemper with a rebound.
15:44 of 2nd period - Minor Penalty to T.J. Oshie for Roughing.
15:45 of 2nd period - Sebastian C Aho wins face-off versus Derek Grant in Washington Capitals zone.
17:44 of 2nd period - Penalty to T.J. Oshie is over, T.J. Oshie is back on ice.
18:07 of 2nd period - Off-side.
18:08 of 2nd period - Evgeny Kuznetsov wins face-off versus Jordan Staal in neutral zone.
18:34 of 2nd period - Snap shot by Jesperi Kotkaniemi.
18:34 of 2nd period - Shot Misses the Net.
18:36 of 2nd period - Wrist shot by Seth Jarvis.
18:36 of 2nd period - Shot Blocked by Joel Edmundson.
18:38 of 2nd period - Slapshot by Jesperi Kotkaniemi.
18:38 of 2nd period - Shot Misses the Net.
19:22 of 2nd period - Andrei Svechnikov is hit by Vladimir Tarasenko.
Goals for this period are 0 for Carolina Hurricanes vs 0 for Washington Capitals.
Shots for this period are 9 for Carolina Hurricanes vs 12 for Washington Capitals.

3rd period


0:01 of 3rd period - Alex Tuch wins face-off versus Evgeny Kuznetsov in neutral zone.
0:28 of 3rd period - Teuvo Teravainen is hit by Nick Jensen.
0:34 of 3rd period - Snap shot by Martin Necas.
0:34 of 3rd period - Stopped by Darcy Kuemper with a rebound.
1:21 of 3rd period - Slapshot by Sonny Milano.
1:21 of 3rd period - Deflect By Dylan Strome.
1:21 of 3rd period - Stopped by Pyotr Kochetkov without a rebound.
1:22 of 3rd period - Evgeny Kuznetsov wins face-off versus David Krejci in Carolina Hurricanes zone.
1:23 of 3rd period - Wrist shot by Alex Ovechkin.
1:23 of 3rd period - Stopped by Pyotr Kochetkov without a rebound.
1:24 of 3rd period - David Krejci wins face-off versus Evgeny Kuznetsov in Carolina Hurricanes zone.
2:39 of 3rd period - Dmitry Orlov is hit by Evgeny Kuznetsov and loses puck.
2:48 of 3rd period - Wrist shot by Alex Ovechkin.
2:48 of 3rd period - Shot Misses the Net.
3:00 of 3rd period - Slapshot by Martin Necas.
3:00 of 3rd period - Shot Blocked by Joel Edmundson.
3:08 of 3rd period - Backhand shot by Martin Necas.
3:08 of 3rd period - Stopped by Darcy Kuemper without a rebound.
3:09 of 3rd period - David Krejci wins face-off versus Evgeny Kuznetsov in Washington Capitals zone.
3:15 of 3rd period - Wrist shot by David Krejci.
3:15 of 3rd period - Stopped by Darcy Kuemper with a rebound.
3:17 of 3rd period - Slapshot by David Krejci.
3:17 of 3rd period - Goal by David Krejci - Carolina Hurricanes : 2 - Washington Capitals : 3.
3:18 of 3rd period - Sebastian C Aho wins face-off versus Evgeny Kuznetsov in neutral zone.
3:31 of 3rd period - Slapshot by Alex Tuch.
3:31 of 3rd period - Shot Hit the Post.
3:33 of 3rd period - Wrist shot by Sebastian C Aho.
3:33 of 3rd period - Shot Blocked by John Carlson.
3:35 of 3rd period - Snap shot by Brent Burns.
3:35 of 3rd period - Shot Blocked by John Carlson.
5:51 of 3rd period - Brent Burns is hit by Joel Edmundson and loses puck.
6:02 of 3rd period - Anthony Mantha is hit by David Krejci.
6:03 of 3rd period - Icing by Anthony Mantha.
6:04 of 3rd period - David Krejci wins face-off versus Derek Grant in Washington Capitals zone.
6:15 of 3rd period - Wrist shot by Derek Grant.
6:15 of 3rd period - Shot Misses the Net.
6:29 of 3rd period - Nick Jensen is hit by Alex Tuch and loses puck.
6:53 of 3rd period - Off-side.
6:54 of 3rd period - Jesperi Kotkaniemi wins face-off versus Evgenii Dadonov in neutral zone.
6:57 of 3rd period - T.J. Oshie is hit by Jesperi Kotkaniemi and loses puck.
7:02 of 3rd period - Wrist shot by Seth Jarvis.
7:02 of 3rd period - Stopped by Darcy Kuemper with a rebound.
7:04 of 3rd period - Snap shot by Kevin Shattenkirk.
7:04 of 3rd period - Stopped by Darcy Kuemper with a rebound.
7:06 of 3rd period - Snap shot by Eeli Tolvanen.
7:06 of 3rd period - Shot Misses the Net.
7:10 of 3rd period - Snap shot by Seth Jarvis.
7:10 of 3rd period - Stopped by Darcy Kuemper with a rebound.
7:12 of 3rd period - Slapshot by Eeli Tolvanen.
7:12 of 3rd period - Stopped by Darcy Kuemper without a rebound.
7:13 of 3rd period - Evgeny Kuznetsov wins face-off versus David Krejci in Washington Capitals zone.
7:22 of 3rd period - Snap shot by Martin Necas.
7:22 of 3rd period - Stopped by Darcy Kuemper with a rebound.
8:12 of 3rd period - Off-side.
8:13 of 3rd period - David Krejci wins face-off versus Evgeny Kuznetsov in neutral zone.
8:31 of 3rd period - Minor Penalty to Evgeny Kuznetsov for Interference.
8:32 of 3rd period - Sebastian C Aho wins face-off versus Derek Grant in Washington Capitals zone.
8:34 of 3rd period - Wrist shot by Alex Tuch.
8:34 of 3rd period - Stopped by Darcy Kuemper with a rebound.
8:45 of 3rd period - Slapshot by Brent Burns.
8:45 of 3rd period - Shot Misses the Net.
9:04 of 3rd period - Off-side.
9:05 of 3rd period - Teuvo Teravainen wins face-off versus Anthony Mantha in neutral zone.
9:18 of 3rd period - Trevor Van-Riemsdyk is hit by Teuvo Teravainen and loses puck.
9:31 of 3rd period - Trevor Van-Riemsdyk is hit by Andrei Svechnikov and loses puck.
10:31 of 3rd period - Penalty to Evgeny Kuznetsov is over, Evgeny Kuznetsov is back on ice.
10:43 of 3rd period - Nick Jensen is hit by Seth Jarvis and loses puck.
11:40 of 3rd period - Minor Penalty to Will Borgen for Cross-checking.
11:41 of 3rd period - Dylan Strome wins face-off versus David Krejci in Carolina Hurricanes zone.
11:48 of 3rd period - Slapshot by Dylan Strome.
11:48 of 3rd period - Stopped by Pyotr Kochetkov with a rebound.
12:23 of 3rd period - T.J. Oshie is hit by Brady Skjei and loses puck.
12:35 of 3rd period - Snap shot by Evgeny Kuznetsov.
12:35 of 3rd period - Shot Misses the Net.
12:37 of 3rd period - Snap shot by Sonny Milano.
12:37 of 3rd period - Goal by Sonny Milano - Carolina Hurricanes : 2 - Washington Capitals : 4.
12:38 of 3rd period - Sebastian C Aho wins face-off versus Evgeny Kuznetsov in neutral zone.
13:25 of 3rd period - Snap shot by Andrei Svechnikov.
13:25 of 3rd period - Stopped by Darcy Kuemper with a rebound.
13:27 of 3rd period - Slapshot by Kevin Shattenkirk.
13:27 of 3rd period - Stopped by Darcy Kuemper with a rebound.
13:29 of 3rd period - Snap shot by Brett Pesce.
13:29 of 3rd period - Stopped by Darcy Kuemper without a rebound.
13:30 of 3rd period - Derek Grant wins face-off versus David Krejci in Washington Capitals zone.
13:55 of 3rd period - Brett Pesce is hit by Tom Wilson.
14:07 of 3rd period - Marc Staal is hit by Brady Skjei and loses puck.
15:05 of 3rd period - Dylan Strome is hit by Dmitry Orlov and loses puck.
15:18 of 3rd period - Snap shot by Sebastian C Aho.
15:18 of 3rd period - Shot Misses the Net.
15:54 of 3rd period - Trevor Van-Riemsdyk is hit by Kevin Shattenkirk and loses puck.
17:03 of 3rd period - Martin Fehervary is hit by Will Borgen and loses puck.
17:32 of 3rd period - Snap shot by Seth Jarvis.
17:32 of 3rd period - Stopped by Darcy Kuemper without a rebound.
17:33 of 3rd period - Jesperi Kotkaniemi wins face-off versus Derek Grant in Washington Capitals zone.
17:53 of 3rd period - Icing by Alex Tuch.
17:54 of 3rd period - Alex Tuch wins face-off versus Evgeny Kuznetsov in Carolina Hurricanes zone.
17:54 of 3rd period - Alex Tuch is hit by John Carlson.
18:20 of 3rd period - Snap shot by Alex Tuch.
18:20 of 3rd period - Stopped by Darcy Kuemper without a rebound.
18:21 of 3rd period - David Krejci wins face-off versus Derek Grant in Washington Capitals zone.
18:26 of 3rd period - Snap shot by David Krejci.
18:26 of 3rd period - Stopped by Darcy Kuemper without a rebound.
18:27 of 3rd period - David Krejci wins face-off versus Derek Grant in Washington Capitals zone.
18:32 of 3rd period - Snap shot by David Krejci.
18:32 of 3rd period - Shot Misses the Net.
18:56 of 3rd period - Slapshot by Sonny Milano.
18:56 of 3rd period - Stopped by Pyotr Kochetkov without a rebound.
18:57 of 3rd period - Nic Dowd wins face-off versus Jesperi Kotkaniemi in Carolina Hurricanes zone.
19:08 of 3rd period - Wrist shot by Jesperi Kotkaniemi.
19:08 of 3rd period - Shot Misses the Net.
19:10 of 3rd period - Snap shot by Eeli Tolvanen.
19:10 of 3rd period - Stopped by Darcy Kuemper with a rebound.
19:12 of 3rd period - Slapshot by Will Borgen.
19:12 of 3rd period - Stopped by Darcy Kuemper without a rebound.
19:13 of 3rd period - Derek Grant wins face-off versus David Krejci in Washington Capitals zone.
19:40 of 3rd period - Brent Burns is hit by Nick Jensen and loses puck.
19:47 of 3rd period - Sonny Milano is hit by Will Borgen and loses puck.
Goals for this period are 1 for Carolina Hurricanes vs 1 for Washington Capitals.
Shots for this period are 18 for Carolina Hurricanes vs 5 for Washington Capitals.